 Dungeon Crawl Stone Soup version 0.22-a0-351-g29664b4 (webtiles) character file.

164071 Serpenta the Severer (level 17, -5/133 HPs)
             Began as a Mummy Chaos Knight on Apr 11, 2018.
             Slain by a vault warden
             ... wielding a +2 great mace
             ... summoned by Xom
              (31 damage)
             ... on level 1 of the Vaults on Apr 12, 2018.
             The game lasted 01:34:24 (46780 turns).

Serpenta the Severer (Mummy Chaos Knight)          Turns: 46780, Time: 01:34:24

Health: -5/133     AC: 32    Str: 22    XL:     17   Next: 0%
Magic:  23/23      EV:  4    Int: 11    God:    Xom [...*..]
Gold:   994        SH: 17    Dex: 13    Spells: 16/16 levels left

rFire    + . .     SeeInvis .   b - +3 broad axe (elec)
rCold    + + +     Gourm    .   K - +0 large shield
rNeg     + + +     Faith    .   M - +4 plate armour {rF+}
rPois    ∞         Spirit   .   J - +2 helmet of the Marlin {*Drain rC++ rN+ Str+4}
rElec    .         Reflect  .   B - +2 cloak {rF+}
rCorr    .         Harm     .   y - +0 pair of gloves of Tomorrow {rC+ Str-3 Slay+2}
MR       ++...                  L - +4 pair of boots of Follow the Leader {rC+}
Stlth    ..........             (no amulet)
HPRegen  0.32/turn              z - ring of protection from fire
MPRegen  0.18/turn              p - ring "Ikyudod" {+Fly rPois rF- Slay+3}

@: about to teleport, marked
A: no food or potions, fire vulnerability, cold resistance 1, negative energy
resistance 3, torment resistance, unbreathing, in touch with death 1
}: 1/15 runes: decaying
a: Renounce Religion, Evoke Flight


You were on level 1 of the Vaults.
You worshipped Xom.
You were a favourite toy of Xom.
You were not hungry.

You visited 5 branches of the dungeon, and saw 28 of its levels.
You also visited: Ice Cave and Volcano.

You collected 2744 gold pieces.
You spent 1750 gold pieces at shops.


Innate Abilities, Weirdness & Mutations

You do not eat or drink.
Your flesh is vulnerable to fire.
You are immune to poison.
Your flesh is cold resistant. (rC+)
You are immune to negative energy. (rN+++)
You are immune to unholy pain and torment.
You can survive without breathing.
You are in touch with the powers of death.


   Skills:
 - Level 11.7 Fighting
 - Level 18.0 Axes
 - Level 9.5 Armour
 - Level 0.7 Dodging
 + Level 9.9 Shields
 - Level 9.0 Evocations


You had 16 spell levels left.
You didn't know any spells.

Action                   |  1- 3 |  4- 6 |  7- 9 | 10-12 | 13-15 | 16-18 || total
-------------------------+-------+-------+-------+-------+-------+-------++-------
Melee: Hand axe          |   140 |    99 |       |       |       |       ||   239
       Spear             |       |    10 |   266 |   925 |   285 |       ||  1486
       Battleaxe         |       |       |       |       |   490 |       ||   490
       War axe           |       |       |       |       |   298 |       ||   298
       Broad axe         |       |       |       |       |   440 |   515 ||   955
Throw: Throwing net      |       |       |     1 |       |       |       ||     1
Evoke: Phial of floods   |       |       |     1 |     1 |     1 |     1 ||     4
       Wand              |       |       |     1 |    34 |    52 |    14 ||   101
       Sack of spiders   |       |       |       |       |     3 |     2 ||     5
       Lamp of fire      |       |       |       |       |     1 |       ||     1
       Lightning rod     |       |       |       |       |     5 |     2 ||     7
       Phantom mirror    |       |       |       |       |       |     1 ||     1
  Use: Scroll            |       |     3 |     4 |     8 |    11 |     7 ||    33
 Stab: Paralysed         |     4 |     1 |       |    32 |    44 |       ||    81
       Petrifying        |       |     1 |     1 |       |       |       ||     2
       Sleeping          |       |       |     2 |       |       |       ||     2
       Distracted        |       |       |       |       |     4 |       ||     4
       Confused          |       |       |       |       |     4 |     3 ||     7
Armor: Leather armour    |    57 |    35 |    29 |       |       |       ||   121
       Plate armour      |       |       |    11 |   407 |   499 |    98 ||  1015
       Chain mail        |       |       |       |       |   296 |   126 ||   422
Dodge: Dodged            |    76 |    73 |    71 |   189 |   405 |    63 ||   877
Block: Large shield      |       |       |       |       |    91 |   335 ||   426

Inventory:

Hand Weapons
 b - a +3 broad axe of electrocution (weapon)
Missiles
 m - 34 tomahawks
 u - 2 throwing nets (quivered)
Armour
 w - the +1 pair of gloves "Igeicac" {rN+ Dex+4}
   (You bought it in a shop on level 1 of the Orcish Mines)

   It affects your dexterity (+4).
   It protects you from negative energy.
 y - the +0 pair of gloves of Tomorrow (worn) {rC+ Str-3 Slay+2}
   (You bought it in a shop on level 2 of the Orcish Mines)

   It affects your strength (-3).
   It affects your accuracy and damage with ranged weapons and melee attacks
   (+2).
   It protects you from cold.
 A - a +1 cloak of magic resistance
 B - a +2 cloak of fire resistance (worn)
 J - the +2 helmet of the Marlin (worn) {*Drain rC++ rN+ Str+4}
   (You bought it in a shop on level 1 of the Orcish Mines)

   It affects your strength (+4).
   It greatly protects you from cold.
   It protects you from negative energy.
   It causes draining when unequipped.
 K - a +0 large shield (worn)
 L - the +4 pair of boots of Follow the Leader (worn) {rC+}
   (You acquired it on level 4 of the Swamp)

   It protects you from cold.
 M - a +4 plate armour of fire resistance (worn)
Jewellery
 c - an uncursed ring of fire
 i - an uncursed ring of ice
 j - the ring "Yllaerea" {Ice rPois MR- Str+6 Slay+3}
   (You found it on level 1 of the Swamp)

   [ring of ice]

   It enhances your ice magic.
   It affects your strength (+6).
   It affects your accuracy and damage with ranged weapons and melee attacks
   (+3).
   It makes you vulnerable to fire.
   It protects you from cold.
   It protects you from poison.
   It affects your resistance to hostile enchantments.
 o - an uncursed ring of resist corrosion
 p - the ring "Ikyudod" (right hand) {+Fly rPois rF- Slay+3}
   (You found it on level 4 of the Dungeon)

   [ring of flight]

   It affects your accuracy and damage with ranged weapons and melee attacks
   (+3).
   It makes you vulnerable to fire.
   It protects you from poison.
   It lets you fly.
 z - a ring of protection from fire (left hand)
 C - a +4 ring of evasion
 H - an uncursed ring of protection from fire
Wands
 h - a wand of enslavement (10)
 l - a wand of acid (3)
 s - a wand of paralysis (11)
 F - a wand of polymorph (29) {god gift}
 G - a wand of clouds (5)
Scrolls
 a - a scroll of summoning
 d - 7 scrolls of identify
 e - 2 scrolls of fog
 g - 2 scrolls of blinking
 q - 13 scrolls of remove curse
 r - 5 scrolls of fear
 D - a scroll of silence
Miscellaneous
 f - a phial of floods {god gift}
 k - a lightning rod (4/4)
 t - a sack of spiders
 E - a lamp of fire {god gift}

#####+##
#...pp)#
#..Op@)#
#...Gpp#
#....c.+.
#......#...
#......#...#
######## ..#
.+ .#


You could see 2 vault wardens, a vault guard, a great orb of eyes, an ogre mage,
a vault sentinel, an ironbrand convoker and a yaktaur.

Vanquished Creatures
  A bone dragon (Swamp:4)
  A tentacled monstrosity (Swamp:1)
  A fire giant (D:15)
  An orc warlord (Orc:2)
  Louise (Swamp:4)
  A red draconian (Volcano)
  A dire elephant (Swamp:3)
  A fire dragon (Lair:5)
  9 hydras
  5 ghost crabs
  6 vault guards (D:13)
  An ice dragon (D:13)
  A catoblepas (Lair:5)
  5 centaur warriors
  4 ogre magi
  An anaconda (Lair:4)
  12 two-headed ogres
  A death knight (D:15)
  15 alligators
  A deep troll earth mage (D:10)
  2 tengu warriors
  5 orc high priests
  A skeletal warrior (D:13)
  A deep troll (Lair:4)
  The ghost of Nib the Covert, a novice OpAs of Okawaru (D:7)
  3 swamp dragons
  An unseen horror (D:15)
  A spriggan druid (Swamp:4)
  A phantasmal warrior (Swamp:4)
  2 shambling mangroves
  A spectral hydra (Swamp:4)
  An ironbrand convoker (Vaults:1)
  7 orc knights
  A necromancer (D:13)
  6 orc sorcerers
  An oklob plant (Swamp:4)
  3 cyclopes
  2 manticores (D:14)
  6 ugly things
  9 elephants
  A guardian serpent (shapeshifter) (D:13)
  4 black mambas
  18 spiny frogs
  3 gargoyles
  2 rime drakes
  A torpor snail (Lair:3)
  The ghost of Paulus the Skirmisher, an amateur OgHu of Dithmenos (D:5)
  3 swamp worm zombies (Swamp:4)
  8 komodo dragons
  An efreet (D:15)
  A freezing wraith (D:13)
  A kobold demonologist (D:13)
  3 trolls
  4 hydra zombies (Swamp:4)
  12 polar bears
  12 tyrant leeches
  A tengu conjurer (D:13)
  A meliai (shapeshifter) (D:10)
  11 bog bodies
  3 spectral swamp dragons (Swamp:4)
  23 blink frogs
  6 alligator zombies (Swamp:4)
  3 hornets
  14 slime creatures
  7 hippogriffs
  2 shadows
  A centaur simulacrum (D:14)
  A wraith (D:12)
  76 yaks
  A vampire (D:15)
  3 spriggans (Swamp:4)
  4 wyverns
  3 basilisks
  A fire bat (Swamp:4)
  A hungry ghost (D:9)
  26 vampire mosquitoes
  Menkaure (D:4)
  A naga (Lair:4)
  3 wargs
  18 insubstantial wisps
  12 swamp worms
  2 soldier ants (D:15)
  8 water moccasins
  2 acid dragons
  Duvessa (D:7)
  4 porcupines
  10 swamp drakes
  11 ice beasts
  3 sky beasts
  A slave (D:6)
  37 orc warriors
  8 phantoms
  An eye of draining (D:14)
  3 swamp dragon zombies (Swamp:4)
  A black bear (D:12)
  A necrophage (D:7)
  A hornet zombie (D:11)
  15 centaurs
  10 ogres
  7 crocodiles
  21 wolves
  27 bullfrogs
  7 big kobolds
  A wyvern zombie (D:13)
  Dowan (D:7)
  4 scorpions
  6 killer bees (D:7)
  5 howler monkeys
  7 electric eels
  4 crimson imps
  A bullfrog zombie (D:13)
  A quasit (D:13)
  6 hounds
  5 jellies
  30 orc wizards
  A bullfrog skeleton (D:8)
  24 orc priests
  3 centaur skeletons
  3 spectral swamp drakes (Swamp:4)
  6 worker ants
  A killer bee zombie (D:9)
  2 bullfrog simulacra (D:11)
  A worker ant zombie (D:8)
  6 gnolls
  9 adders
  A swamp drake zombie (Swamp:4)
  4 shadow imps
  14 white imps (D:11)
  3 ufetubi (D:11)
  5 oozes (D:5)
  2 worms
  A ball lightning (D:13)
  6 leopard geckos
  94 orcs
  2 giant cockroaches (D:1)
  5 hobgoblins
  8 jackals
  3 quokkas
  2 ball pythons
  7 bats
  3 frilled lizards
  6 goblins
  A jackal zombie (D:6)
  12 kobolds
  A leopard gecko skeleton (D:7)
  5 rats
  A fungus (Lair:4)
  A plant (Lair:6)
917 creatures vanquished.

Vanquished Creatures (collateral kills)
  An orc warlord (Orc:1)
  2 vault guards (D:13)
  A hydra (Swamp:1)
  Pikel (D:6)
  A swamp dragon (Swamp:2)
  3 orc sorcerers (Orc:1)
  2 elephants (Lair:4)
  5 spiny frogs
  A komodo dragon (Lair:6)
  The ghost of Paulus the Chucker, an amateur OgHu (D:3)
  5 slime creatures
  3 blink frogs
  A yak (Lair:6)
  5 vampire mosquitoes
  A swamp worm (Swamp:1)
  A warg (Orc:1)
  2 nagas (Lair:4)
  2 water moccasins (Lair:4)
  A slave (D:6)
  2 wolves (Lair:2)
  An ogre (Orc:1)
  A crocodile (Lair:6)
  A bullfrog (D:9)
  A jelly (D:12)
  An iguana (D:6)
  An orc wizard (D:10)
  An adder (D:3)
  2 orcs (Orc:1)
50 creatures vanquished.

Vanquished Creatures (others)
  2 hydras
  A ghost crab (Swamp:4)
  2 two-headed ogres
  A black mamba (Lair:4)
  A komodo dragon (Lair:1)
  A troll (D:10)
  4 yaks (IceCv)
  A water moccasin (Lair:4)
  A wolf (Lair:3)
  A big kobold (Swamp:4)
  A worker ant (D:4)
  An orc (D:6)
  11 fungi
  47 plants
  10 toadstools (D:5)
85 creatures vanquished.

Grand Total: 1052 creatures vanquished

Vault maps used:
D:1:      saegor_arrival_miasma, amethyst_killhole
D:2:      first_ration
D:3:      yredelemnul_altar_generic, hangedman_decor_push
D:4:      uniq_menkaure
D:5:      cheibrodos_fertilizer, serial_shops, shop
D:6:      uniq_pikel
D:7:      uniq_duvessa
D:8:      lair_entry_dummy, serial_shops, nicolae_shop_statue_plus,
          blue_anna_alchemist, cheibrodos_ashenzari_chains
D:9:      serial_glass, glass_columns_a, glass_columns_b
D:10:     minmay_orc_entry_temple_small, jmf_multi_god_temple
D:11:     lab_entry_generic, portal_ice_cave_entry_imps, serial_ice,
          serial_ice_i, serial_ice_b, serial_ice_o, serial_ice_f, serial_ice_n,
          serial_ice_g, serial_ice_c, nicolae_tso_swordbearing_angel
D:12:     basic_altar, nicolae_dithmenos_shadow_blocks
D:13:     minmay_triangles_in_corner, erik_vaults_2,
          nicolae_trove_entry_crossroad
D:14:     roderic_serpentine_path
D:15:     grunt_enter_depths_giant_problem, serial_park_square3
Lair:1:   basic_altar, grunt_megastairs_2
Lair:2:   basic_altar
Lair:3:   minmay_swamp_entry_swarm, grunt_megastairs_4
Lair:4:   beast_lair_carwin_large_1, minmay_snake_entry_guardpost_small,
          nicolae_volcano_entry_two_sided, st_stairs_4, serial_bayou_lake_a
Lair:5:   slime_altar_1, minivault_24, grunt_megastairs_3
Lair:6:   minmay_lair_end_frog_pond, st_stairs_3
Swamp:1:  cheibrodos_swamp_monstrosity, evilmike_swamp_ruin_house_4, swamp_pool1
Swamp:2:  serial_swamp_ruin, evilmike_swamp_ruin_house_5,
          evilmike_swamp_ruin_rubble_2, evilmike_swamp_ruin_house_6,
          infiniplex_staircase_pool
Swamp:3:  evilmike_swamp_ruin_house_3
Swamp:4:  swamp_pestilence, uniq_louise
Orc:1:    serial_shops, shop_statue, nicolae_shop_behind_doors,
          david_defended_altar_orc
Orc:2:    st_orc_congregation
Vaults:1: v_misc_19, nicolae_vaults_disjoint_gnomons, grunt_vaults_trifunnel,
          vaults_dpeg_cross, nicolae_vaults_big_ls, v_misc_18, v_alt_pattern_3,
          vaults_dpeg_ring, nicolae_vaults_border_crossing,
          hangedman_vaults_corner_blocks, ontoclasm_vaults_gateway,
          serial_shops, bzr_entry_safe, uniq_asterion
IceCv:    ice_cave_caverns_01
Volcano:  volcano_pools


Message History

You feel strangely unstable. The great orb of eyes bites you!!
* * * LOW HITPOINT WARNING * * *
The vault guard hits you but does no damage.
The vault sentinel blows a loud note on a signal horn!
The vault warden activates a sealing rune.
A door slams shut!
You slash the vault warden!
The vault warden is heavily wounded.
You slice the vault warden!! You hit the ironbrand convoker.
Your shield and plate armour prevent you from hitting the vault guard.
You hit the great orb of eyes. You closely miss the vault sentinel.
You block the vault warden's attack.
You block the ironbrand convoker's attack.
The great orb of eyes bites you but does no damage.
The vault sentinel points at you and mumbles some strange words.
You barely resist.
The vault guard hits you but does no damage.
The vault warden hits you with an enchanted great mace!!
You die...
Xom chuckles heartily!

Notes
Turn   | Place    | Note
-------+----------+-------------------------------------------
     0 | D:1      | Serpenta the Mummy Chaos Knight began the quest for the Orb.
     0 | D:1      | Reached XP level 1. HP: 18/18 MP: 1/1
    95 | D:1      | XOM: harmless Tloc miscast
   317 | D:1      | XOM: blink monster(s)
   322 | D:1      | Reached skill level 3 in Axes
   322 | D:1      | Reached XP level 2. HP: 10/24 MP: 2/2
   699 | D:1      | XOM: enchant monster (bad)
  1132 | D:2      | Reached XP level 3. HP: 18/29 MP: 3/3
  1202 | D:2      | XOM: scenery: 1 doors close
  1289 | D:2      | XOM: 2-stop teleportation journey
  1290 | D:2      | XOM: confusion
  1602 | D:2      | XOM: scenery: 1 doors open
  1660 | D:2      | Reached skill level 4 in Axes
  1871 | D:2      | XOM: harmless Tloc miscast
  1905 | D:2      | Noticed a swamp drake
  1905 | D:2      | an ooze changed into a swamp drake
  1914 | D:2      | Killed a swamp drake
  1914 | D:2      | Reached XP level 4. HP: 26/35 MP: 4/4
  1914 | D:2      | Reached XP level 5. HP: 30/41 MP: 5/5
  2032 | D:3      | Noticed Paulus's ghost (amateur OgHu)
  2248 | D:3      | Found a basalt altar of Yredelemnul.
  2255 | D:3      | Reached skill level 5 in Axes
  2409 | D:3      | XOM: god gift: 49 gold pieces {god gift}
  2427 | D:3      | XOM: 1-stop teleportation journey
  2560 | D:3      | XOM: cast spell 'Metabolic Englaciation'
  2563 | D:3      | XOM: cast spell 'Death Channel'
  2593 | D:3      | XOM: summons friendly crimson imp
  2594 | D:3      | XOM: fog
  2792 | D:3      | XOM: cast spell 'Summon Hydra'
  2793 | D:3      | Killed Paulus's ghost
  2793 | D:3      | Reached XP level 6. HP: 47/47 MP: 6/6
  3247 | D:4      | Noticed Menkaure
  3258 | D:4      | XOM: polymorph jackal -> goblin
  3579 | D:3      | Reached skill level 6 in Axes
  3608 | D:3      | XOM: god gift: phial of floods {god gift}
  3947 | D:4      | XOM: fog
  3949 | D:3      | XOM: cleaving
  3956 | D:3      | Reached skill level 1 in Evocations
  4274 | D:4      | XOM: cleaving
  4282 | D:4      | XOM: scenery: 1 doors close
  4390 | D:4      | XOM: harmless Ice miscast
  4399 | D:4      | Got a twisted spear
  4400 | D:4      | Identified the +7 spear of Irritation {pierce, Stlth+} (You found it on level 4 of the Dungeon)
  4463 | D:4      | Got a brightly glowing iron ring
  4464 | D:4      | Identified the ring "Ikyudod" {+Fly rPois rF- Slay+3} (You found it on level 4 of the Dungeon)
  4473 | D:5      | Entered Level 5 of the Dungeon
  4495 | D:5      | Reached XP level 7. HP: 48/52 MP: 8/8
  4583 | D:5      | XOM: confuse monster(s)
  4714 | D:5      | Found Westryfad's Gadget Emporium.
  4757 | D:5      | Noticed Paulus's ghost (amateur OgHu)
  4763 | D:5      | XOM: divination: detect creatures
  4792 | D:4      | XOM: harmless Summ miscast
  4798 | D:4      | Killed Menkaure
  4845 | D:5      | Reached skill level 7 in Axes
  5037 | D:5      | Reached XP level 8. HP: 54/59 MP: 10/10
  5157 | D:5      | Noticed a slime creature
  5157 | D:5      | Noticed a slime creature
  5157 | D:5      | Noticed a slime creature
  5160 | D:5      | XOM: enchant monster (good)
  5500 | D:5      | XOM: cloud trail
  5622 | D:5      | XOM: harmless Pois miscast
  5752 | D:6      | Found a staircase to the Ecumenical Temple.
  5779 | D:6      | Noticed Pikel
  5790 | D:6      | Killed Pikel
  5790 | D:6      | Reached skill level 5 in Fighting
  5790 | D:6      | Reached skill level 5 in Evocations
  5838 | D:6      | XOM: 2-stop teleportation journey
  5888 | D:6      | XOM: god gift: runed falchion {god gift}
  6235 | D:6      | XOM: potion effect (heal wounds)
  6377 | D:7      | Reached XP level 9. HP: 68/70 MP: 13/13
  6397 | D:7      | XOM: 2-stop teleportation journey
  6423 | D:7      | XOM: enchant monster (good)
  6668 | D:7      | XOM: potion effect (brilliance)
  6735 | D:7      | XOM: god gift: long sword {god gift}
  6951 | D:7      | Noticed Nib's ghost (novice OpAs)
  6951 | D:7      | XOM: potion effect (haste)
  6972 | D:7      | Killed Nib's ghost
  7046 | D:7      | Noticed Duvessa
  7077 | D:7      | Noticed Dowan
  7401 | D:7      | XOM: enchant monster (good)
  7610 | D:8      | Reached XP level 10. HP: 80/80 MP: 15/15
  7659 | D:8      | Found a shattered altar of Ashenzari.
  7662 | D:8      | Found Vytigija's Book Shop.
  7729 | D:8      | Noticed a two-headed ogre
  7729 | D:8      | XOM: summons friendly crimson imp
  7743 | D:8      | Killed a two-headed ogre
  7834 | D:8      | XOM: harmless Fire miscast
  7961 | D:8      | Found a staircase to the Lair.
  7989 | D:8      | Noticed a two-headed ogre
  7990 | D:8      | Noticed an elephant
  7990 | D:8      | a two-headed ogre changed into an elephant
  7990 | D:8      | XOM: polymorph two-headed ogre -> elephant
  8006 | D:8      | XOM: enchant monster (good)
  8014 | D:8      | Killed an elephant
  8067 | D:8      | Noticed a two-headed ogre
  8079 | D:8      | Killed a two-headed ogre
  8181 | D:8      | XOM: silly message
  8454 | D:8      | XOM: 2-stop teleportation journey
  8748 | D:9      | Reached skill level 5 in Armour
  8756 | D:9      | XOM: summons 8 friendly demons
  8963 | D:9      | XOM: enchant monster (good)
  9013 | D:9      | XOM: confuse monster(s)
  9152 | D:9      | Reached XP level 11. HP: 65/86 MP: 17/17
  9184 | D:9      | XOM: cloud trail
  9400 | D:9      | XOM: cloud trail
  9622 | D:10     | Entered Level 10 of the Dungeon
  9674 | D:10     | XOM: 1-stop teleportation journey
  9983 | D:10     | Noticed a centaur warrior
  9996 | D:10     | Killed a centaur warrior
 10244 | D:10     | Noticed a deep troll earth mage
 10258 | D:10     | XOM: 2-stop teleportation journey
 10308 | D:10     | XOM: harmless Pois miscast
 10310 | D:10     | Noticed a two-headed ogre
 10336 | D:10     | XOM: cast spell 'Cause Fear'
 10430 | D:10     | XOM: mild Summ miscast
 10550 | D:10     | Found a staircase to the Orcish Mines.
 10566 | D:10     | XOM: divination: detect items
 10655 | D:10     | Killed a deep troll earth mage
 10733 | D:10     | XOM: cloud trail
 10745 | D:10     | Found a hazy altar of Hepliaklqana.
 10747 | D:10     | Noticed a two-headed ogre
 10747 | D:10     | Found an iron altar of Okawaru.
 10747 | D:10     | Noticed an ogre mage
 10765 | D:10     | XOM: harmless Chrm miscast
 10786 | D:10     | XOM: harmless Necr miscast
 10791 | D:10     | Killed an ogre mage
 11028 | D:10     | Killed a two-headed ogre
 11028 | D:10     | Reached skill level 10 in Fighting
 11265 | D:10     | XOM: cloud trail
 11366 | D:10     | Noticed a two-headed ogre
 11367 | D:10     | XOM: chaos upgrade
 11368 | D:10     | XOM: summons 5 hostile demons
 11373 | D:10     | XOM: mild Summ miscast
 11574 | D:9      | XOM: summons 3 hostile shadow creatures
 11775 | D:10     | Found a roughly hewn altar of Beogh.
 11856 | D:10     | XOM: smoke on damage
 11857 | D:10     | Killed a two-headed ogre
 12076 | D:11     | XOM: severe Necr miscast
 12144 | D:11     | XOM: summons 4 hostile shadow creatures
 12182 | D:11     | XOM: silly message
 12414 | D:11     | XOM: mild Air miscast
 12438 | D:11     | XOM: divination: detect creatures
 12602 | D:11     | XOM: mild Ice miscast
 12604 | D:11     | Found a frozen archway.
 12613 | IceCv    | Entered an ice cave
 12627 | IceCv    | XOM: medium Pois miscast
 12674 | IceCv    | XOM: harmless Conj miscast
 12727 | IceCv    | XOM: 1-stop teleportation journey
 12792 | IceCv    | XOM: mild Chrm miscast
 12881 | IceCv    | Reached XP level 12. HP: 19/101 MP: 18/18
 12946 | IceCv    | XOM: medium Necr miscast
 13203 | IceCv    | Noticed a death yak
 13525 | IceCv    | XOM: harmless Air miscast
 13800 | IceCv    | XOM: enchant monster (bad)
 13804 | IceCv    | XOM: severe Conj miscast
 13846 | IceCv    | Reached skill level 8 in Axes
 14712 | IceCv    | XOM: scenery: create altars
 14797 | IceCv    | XOM: 1-stop teleportation journey
 15035 | IceCv    | Reached skill level 9 in Axes
 15140 | IceCv    | XOM: mild Ice miscast
 15399 | IceCv    | XOM: divination: detect creatures
 15623 | IceCv    | XOM: cast spell 'Leda's Liquefaction'
 15870 | D:11     | XOM: cloud trail
 15921 | D:11     | XOM: potion effect (curing)
 15997 | D:11     | XOM: enchant monster (good)
 16199 | D:11     | XOM: noise
 16208 | D:11     | XOM: smoke on damage
 16221 | D:11     | Noticed a four-headed hydra
 16224 | D:11     | XOM: confuse monster(s)
 16486 | D:11     | Got a smoking iron ring
 16487 | D:11     | Identified the ring of Takhlesh {MP+9 Int+4 Dex-3} (You found it on level 11 of the Dungeon)
 16512 | D:11     | XOM: enchant monster (good)
 16519 | D:11     | Reached skill level 10 in Axes
 16523 | D:11     | Killed a four-headed hydra
 16770 | D:11     | XOM: divination: detect items
 16858 | D:11     | Found a glowing golden altar of the Shining One.
 17125 | D:11     | XOM: god gift: chain mail {god gift}
 17297 | Lair:1   | Entered Level 1 of the Lair of Beasts
 17320 | Lair:1   | XOM: divine lightning
 17345 | Lair:1   | Noticed an eight-headed hydra
 17423 | Lair:1   | XOM: divination: detect items
 17649 | Lair:1   | XOM: mild Summ miscast
 17651 | Lair:1   | Killed an eight-headed hydra
 17686 | Lair:1   | XOM: medium Necr miscast
 18019 | Lair:1   | XOM: noise
 18044 | Lair:1   | Found a hazy altar of Hepliaklqana.
 18053 | Lair:1   | XOM is BORED!
 18053 | Lair:1   | XOM: medium Fire miscast
 18053 | Lair:1   | XOM: smoke on damage
 18122 | Lair:1   | XOM: 5-stop teleportation journey
 18228 | Lair:1   | Reached skill level 11 in Axes
 18424 | Lair:1   | XOM: god gift: 8 tomahawks of returning {god gift}
 18595 | Lair:1   | XOM: scenery: create altars
 19318 | Lair:2   | XOM: cloud trail
 19516 | Lair:2   | Found a shimmering altar of Xom.
 19993 | Lair:2   | XOM: scenery: create altars
 20064 | Lair:2   | XOM: divination: magic mapping
 20341 | Lair:3   | XOM: repel stairs
 20348 | Lair:3   | Gained mutation: You are in touch with the powers of death. [Mummy growth]
 20348 | Lair:3   | Reached XP level 13. HP: 107/107 MP: 19/19
 20375 | Lair:3   | XOM: noise
 20388 | Lair:3   | XOM: summons friendly ufetubus
 20598 | Lair:2   | XOM: summons 3 hostile demons
 20760 | Lair:2   | XOM: scenery: create altars
 20903 | Lair:2   | XOM: god gift: grey potion {god gift}
 21100 | Lair:2   | XOM: summons friendly iron imp
 21233 | Lair:2   | XOM: summons 12 friendly demons
 21321 | Lair:2   | XOM: 4-stop teleportation journey
 21548 | Lair:3   | Found a staircase to the Swamp.
 21682 | Lair:3   | Reached skill level 12 in Axes
 21859 | Lair:3   | XOM: blink monster(s)
 22270 | Lair:4   | Found a staircase to the Snake Pit.
 22296 | Lair:4   | XOM: mild Erth miscast
 22300 | Lair:4   | XOM: noise
 22523 | Lair:4   | XOM: swap monsters
 22537 | Lair:4   | Found a dark tunnel.
 22543 | Lair:4   | XOM: chaos cloud
 22546 | Volcano  | Entered a volcano
 22819 | Volcano  | XOM: swap monsters
 23335 | Volcano  | Noticed a red draconian
 23350 | Volcano  | XOM: medium Fire miscast
 23355 | Volcano  | Killed a red draconian
 23355 | Volcano  | Reached skill level 13 in Axes
 23593 | Lair:4   | XOM: mild Chrm miscast
 23709 | Lair:4   | XOM: cloud trail
 24154 | Lair:4   | XOM: polymorph elephant -> deep troll
 24157 | Lair:4   | XOM: enchant monster (bad)
 24202 | Lair:4   | XOM: summons 5 friendly demons
 24205 | Lair:4   | XOM: polymorph iron imp -> quasit
 24240 | Lair:3   | XOM: severe Chrm miscast
 24462 | Lair:4   | XOM: 11-stop teleportation journey
 24474 | Lair:4   | XOM: noise
 24691 | Lair:4   | XOM: medium Conj miscast
 25167 | Lair:4   | XOM: noise
 25346 | Lair:5   | XOM: 1-stop teleportation journey
 25474 | Lair:5   | Found a viscous altar of Jiyva.
 25474 | Lair:5   | Found a staircase to the Slime Pits.
 25487 | Lair:5   | XOM: polymorph blink frog -> ice beast
 25539 | Lair:5   | Noticed a fire dragon
 25539 | Lair:5   | a six-headed hydra changed into a fire dragon
 25539 | Lair:5   | XOM: polymorph six-headed hydra -> fire dragon
 25552 | Lair:5   | Killed a fire dragon
 25552 | Lair:5   | Reached skill level 14 in Axes
 25554 | Lair:5   | XOM: summons 4 friendly demons
 25769 | Lair:5   | XOM: god gift: runed battleaxe {god gift}
 25771 | Lair:5   | XOM: confusion
 26138 | Lair:5   | XOM: 1-stop teleportation journey
 26371 | Lair:5   | XOM: divination: detect items
 26829 | Lair:6   | Entered Level 6 of the Lair of Beasts
 26840 | Lair:6   | Reached XP level 14. HP: 70/114 MP: 20/20
 26843 | Lair:6   | XOM: scenery: create altars
 27018 | Lair:6   | XOM: scenery: create altars
 27237 | Lair:6   | XOM: summons friendly white imp
 27432 | Lair:6   | XOM: polymorph redback -> shining eye
 27599 | Lair:6   | XOM: polymorph bullfrog -> worker ant
 27708 | Lair:6   | XOM: summons friendly shadow imp
 27716 | Lair:6   | XOM: cleaving
 27721 | Lair:6   | Reached skill level 15 in Axes
 27819 | Lair:5   | XOM: god gift: phial of floods {god gift}
 27821 | Lair:5   | XOM: god gift: Fen Folio {god gift}
 28289 | Lair:6   | XOM: cleaving
 28462 | Lair:6   | XOM: 1-stop teleportation journey
 28495 | Lair:6   | XOM: divination: detect creatures
 28510 | Lair:6   | XOM: 1-stop teleportation journey
 28654 | Lair:6   | XOM: fake destruction
 29037 | Lair:6   | XOM is BORED!
 29452 | D:5      | Killed Paulus's ghost
 29580 | D:5      | XOM: god gift: book of Callings {god gift}
 29641 | D:6      | XOM: god gift: lamp of fire {god gift}
 29679 | D:7      | Killed Duvessa
 29692 | D:7      | Killed Dowan
 29803 | D:12     | Found an ornate altar of the Wu Jian Council.
 29863 | D:12     | XOM: god gift: 47 gold pieces {god gift}
 30016 | D:12     | XOM: fog
 30017 | D:12     | XOM: enchant monster (good)
 30149 | D:12     | XOM: god gift: fuming red potion {god gift}
 30239 | D:12     | Found a shadowy altar of Dithmenos.
 30608 | D:12     | XOM: god gift: brass wand {god gift}
 30895 | D:13     | XOM: polymorph brown ugly thing -> ice dragon
 30901 | D:13     | XOM: fog
 30975 | D:13     | XOM: medium Erth miscast
 31215 | D:13     | Found a gate to the Vaults.
 31228 | D:13     | Reached skill level 16 in Axes
 31428 | D:13     | XOM: god gift: scroll of fear {god gift}
 31545 | D:13     | XOM: fake destruction
 32082 | D:13     | XOM: confuse monster(s)
 32096 | D:13     | XOM: confuse monster(s)
 32109 | D:13     | XOM: enchant monster (good)
 32639 | D:12     | XOM: harmless Ice miscast
 32879 | D:13     | XOM: harmless Necr miscast
 32985 | D:13     | Reached XP level 15. HP: 101/120 MP: 21/21
 33003 | D:13     | XOM: cloud trail
 33032 | D:13     | Found a portal to a secret trove of treasure.
 33124 | D:13     | XOM: divination: magic mapping
 33231 | D:13     | Got a transparent leather armour
 33232 | D:13     | Identified the +2 leather armour "Eveontal" {Dex+5} (You found it on level 13 of the Dungeon)
 33316 | D:14     | XOM: divination: detect items
 33331 | D:14     | XOM: cloud trail
 33382 | D:14     | XOM: confuse monster(s)
 33427 | D:14     | XOM: harmless Pois miscast
 33563 | D:14     | XOM: potion effect (brilliance)
 33668 | D:14     | XOM: divination: detect creatures
 34065 | D:14     | XOM: noise
 34382 | D:14     | XOM: harmless Summ miscast
 34493 | D:14     | Reached skill level 17 in Axes
 34501 | D:14     | XOM is BORED!
 34501 | D:14     | XOM: stat loss: -1 Dex (12/13)
 34572 | D:14     | XOM: 9-stop teleportation journey
 34997 | Orc:1    | Entered Level 1 of the Orcish Mines
 35000 | Orc:1    | XOM: confuse monster(s)
 35001 | Orc:1    | XOM: summons friendly white imp
 35027 | Orc:1    | Found Gadog's Armour Shop.
 35030 | Orc:1    | Bought the +1 pair of gloves "Igeicac" {rN+ Dex+4} for 494 gold pieces
 35030 | Orc:1    | Bought the +2 helmet of the Marlin {*Drain rC++ rN+ Str+4} for 782 gold pieces
 35079 | Orc:1    | Found Zoarick's Antique Weapon Emporium.
 35079 | Orc:1    | XOM: 7-stop teleportation journey
 35091 | Orc:1    | XOM: summons 2 friendly demons
 35116 | Orc:1    | XOM: enchant monster (bad)
 35169 | Orc:1    | XOM: mild Hex miscast
 35384 | Orc:1    | Found a roughly hewn altar of Beogh.
 35427 | Orc:2    | Entered Level 2 of the Orcish Mines
 35450 | Orc:2    | Noticed an orc warlord
 35473 | Orc:2    | XOM: divination: magic mapping
 35474 | Orc:2    | XOM: confuse monster(s)
 35506 | Orc:1    | XOM: medium Pois miscast
 35690 | Orc:1    | XOM: divination: magic mapping
 35922 | Orc:1    | XOM: cloud trail
 36071 | Orc:1    | XOM: silly message
 36077 | Orc:1    | Killed an orc warlord
 36289 | Orc:2    | Found a staircase to the Elven Halls.
 36353 | Orc:2    | XOM: silly message
 37067 | Orc:2    | XOM: divination: detect items
 37123 | Orc:2    | XOM: divination: detect items
 37701 | Orc:2    | Noticed an orc warlord
 37718 | Orc:2    | Killed an orc warlord
 37737 | Orc:2    | XOM: noise
 37882 | Orc:2    | XOM: cast spell 'Leda's Liquefaction'
 38034 | Orc:2    | XOM: god gift: leather armour {god gift}
 38109 | Orc:2    | XOM: noise
 38337 | Orc:2    | XOM: divination: magic mapping
 38416 | Orc:2    | Found Jefudal's Antique Armour Shop.
 38417 | Orc:2    | Found Maamofy's Antique Weapon Shop.
 38418 | Orc:2    | Found Wufed's General Store.
 38418 | Orc:2    | Found Qaciewasudi's Book Boutique.
 38434 | Orc:2    | Bought a pair of transparent gloves for 237 gold pieces
 38444 | Orc:2    | Identified the +0 pair of gloves of Tomorrow {rC+ Str-3 Slay+2} (You bought it in a shop on level 2 of the Orcish Mines)
 38589 | Orc:2    | XOM: harmless Necr miscast
 38663 | Orc:2    | Bought a steaming chain mail for 237 gold pieces
 38673 | Orc:2    | Identified the +0 chain mail of the Alphagorgon {rN+ MP+9 Int+5} (You bought it in a shop on level 2 of the Orcish Mines)
 38876 | D:15     | Entered Level 15 of the Dungeon
 39126 | D:15     | XOM: enchant monster (bad)
 39149 | D:15     | XOM: divination: magic mapping
 39159 | D:15     | XOM: cast spell 'Call Canine Familiar'
 39170 | D:15     | XOM: noise
 39192 | D:15     | XOM: harmless Fire miscast
 39451 | D:15     | Found a staircase to the Depths.
 39480 | D:15     | Noticed a fire giant
 39538 | D:15     | XOM: potion effect (agility)
 39752 | D:15     | XOM: potion effect (haste)
 39757 | D:15     | XOM: potion effect (curing)
 39878 | D:15     | Killed a fire giant
 39950 | D:15     | XOM: medium Hex miscast
 40272 | D:15     | Upgraded the game from 0.22-a0-348-gd16d139 to 0.22-a0-351-g29664b4
 40475 | Swamp:1  | Entered Level 1 of the Swamp
 40484 | Swamp:1  | XOM: swap monsters
 40495 | Swamp:1  | XOM: confuse monster(s)
 40667 | Swamp:1  | Reached skill level 1 in Shields
 40713 | Swamp:1  | Got a coiled brass ring
 40715 | Swamp:1  | Identified the ring "Yllaerea" {Ice rPois MR- Str+6 Slay+3} (You found it on level 1 of the Swamp)
 40806 | Swamp:1  | XOM: mild Necr miscast
 40823 | Swamp:1  | XOM: mild Erth miscast
 41059 | Swamp:1  | XOM: enchant monster (good)
 41070 | Swamp:1  | Reached XP level 16. HP: 127/127 MP: 22/22
 41163 | Swamp:1  | XOM: summons 2 hostile demons
 41336 | Swamp:1  | XOM: harmless Pois miscast
 41346 | Swamp:1  | Noticed a tentacled monstrosity
 41373 | Swamp:1  | Killed a tentacled monstrosity
 41395 | Swamp:1  | XOM: divination: detect items
 41432 | Swamp:1  | XOM: cloud trail
 41599 | Swamp:1  | XOM: summons 4 friendly demons
 41812 | Swamp:1  | Reached skill level 18 in Axes
 42491 | Swamp:2  | XOM: 1-stop teleportation journey
 42522 | Swamp:2  | XOM: scenery: create altars
 42561 | Swamp:2  | Reached skill level 5 in Shields
 42656 | Swamp:2  | XOM: scenery: create altars
 42865 | Swamp:2  | XOM: stat loss: -1 Int (10/11)
 43240 | Swamp:3  | XOM: noise
 43302 | Swamp:3  | XOM: mild Conj miscast
 43626 | Swamp:3  | XOM: noise
 43824 | Swamp:3  | XOM: polymorph four-headed hydra -> dire elephant
 44026 | Swamp:3  | XOM: summons 2 hostile demons
 44049 | Swamp:3  | XOM is BORED!
 44049 | Swamp:3  | XOM: mild Conj miscast
 44292 | Swamp:3  | XOM: mild Chrm miscast
 44307 | Swamp:4  | Entered Level 4 of the Swamp
 44436 | Swamp:3  | XOM: mild Ice miscast
 44550 | Swamp:3  | XOM: stat loss: -1 Int (10/11)
 44614 | Swamp:4  | XOM: polymorph hornet -> big kobold
 44617 | Swamp:4  | XOM: polymorph swamp drake -> fire bat
 44768 | Swamp:4  | XOM: harmless Tmut miscast
 44775 | Swamp:4  | Identified a scroll of acquirement
 44786 | Swamp:4  | Got a pair of polished boots
 44797 | Swamp:4  | Identified the +4 pair of boots of Follow the Leader {rC+} (You acquired it on level 4 of the Swamp)
 44910 | Swamp:4  | XOM: harmless Tmut miscast
 44924 | Swamp:4  | XOM: noise
 44937 | Swamp:4  | XOM: potion effect (brilliance)
 44940 | Swamp:4  | XOM: noise
 44941 | Swamp:4  | XOM: cast spell 'Alistair's Intoxication'
 44942 | Swamp:4  | XOM: divination: detect creatures
 44947 | Swamp:4  | XOM: confuse monster(s)
 44953 | Swamp:4  | XOM: cast spell 'Call Canine Familiar'
 45012 | Swamp:4  | XOM: confuse monster(s)
 45025 | Swamp:4  | XOM: noise
 45299 | Swamp:4  | Noticed Louise
 45326 | Swamp:4  | Killed Louise
 45748 | Swamp:4  | XOM: harmless Tloc miscast
 45827 | Swamp:4  | Noticed a bone dragon
 46190 | Swamp:4  | XOM: harmless Tloc miscast
 46204 | Swamp:4  | XOM: cast spell 'Summon Butterflies'
 46240 | Swamp:4  | XOM: smoke on damage
 46246 | Swamp:4  | XOM: divine lightning
 46272 | Swamp:4  | XOM: cleaving
 46315 | Swamp:4  | Killed a bone dragon
 46503 | Swamp:4  | Got a decaying rune of Zot
 46750 | D:13     | XOM: severe Air miscast
 46763 | Vaults:1 | Entered Level 1 of the Vaults
 46770 | Vaults:1 | XOM: summons 4 hostile shadow creatures
 46773 | Vaults:1 | Reached XP level 17. HP: 87/133 MP: 23/23
 46780 | Vaults:1 | Slain by a vault warden
